 Dungeon Crawl Stone Soup version 0.29-a0-322-g68df515428 (webtiles) character file.

Game seed: 16218545921187366176

7 Murumi the Sneak (level 1, -4/10 HPs)
             Began as a Vampire Enchanter on Apr 8, 2022.
             Slain by a quokka (5 damage)
             ... on level 1 of the Dungeon.
             The game lasted 00:00:51 (112 turns).

Murumi the Sneak (Vampire Enchanter)                 Turns: 112, Time: 00:00:52

Health: -4/10      AC:  2    Str:  7    XL:     1   Next: 83%
Magic:  3/3        EV: 12    Int: 17    God:
Gold:   40         SH:  0    Dex: 14    Spells: 4/4 levels left

rFire   . . .      SeeInvis +   a - +1 dagger
rCold   + + .      Faith    .   (no shield)
rNeg    + + +      Spirit   .   b - +0 robe
rPois   ∞          Reflect  .   (no helmet)
rElec   .          Harm     .   (no cloak)
rCorr   .          Rampage  .   (no gloves)
Will    .....                   (no boots)
Stlth   +++++.....              (no amulet)
HPRegen 0.00/turn               (no ring)
MPRegen 0.08/turn               (no ring)

@: bloodless, inhibited regen
A: bloodless, fangs 3, see invisible, vampiric 1
a: Revivify


You were on level 1 of the Dungeon.
You visited 1 branch of the dungeon, and saw 1 of its levels.

You collected 40 gold pieces.

Inventory:

Hand Weapons
 a - a +1 dagger (weapon)
Armour
 b - a +0 robe (worn)
Scrolls
 d - 2 scrolls of identify {unknown}
Potions
 c - 2 potions of invisibility


   Skills:
 + Level 1.5 Short Blades
 - Level 2.1 Dodging
 - Level 5.0 Stealth
 - Level 2.0 Spellcasting
 - Level 4.4 Hexes


You had 4 spell levels left.
You didn't know any spells.
Your spell library contained the following spells:

 Spells                   Type           Power      Damage    Failure   Level
 Confusing Touch          Hex            16%        N/A       10%         3
 Tukima's Dance           Hex            16%        N/A       10%         3
 Ensorcelled Hibernation  Hex/Ice        18%        N/A       12%         2
 Dazzling Flash           Conj/Hex       18%        N/A       24%         3


Dungeon Overview and Level Annotations

Branches:
Dungeon (1/15)

Altars:

Shops:
D:1 [


Innate Abilities, Weirdness & Mutations

You do not regenerate when monsters are visible.
You are frail without blood (-20% HP).
You can heal yourself when you bite living creatures.
You are immune to poison.
You have razor-sharp teeth.
You have supernaturally acute eyesight. (SInv)
You are afflicted with vampirism.


Message History

A kobold comes into view. It is wielding a +0 dagger.
An endoplasm comes into view.
The helpless endoplasm fails to defend itself.
You impale the endoplasm!!
You kill the endoplasm!
The helpless kobold fails to defend itself.
You bite the kobold, and draw its blood!
You impale the kobold!!
You kill the kobold!
Training target 5.0 for Stealth reached!
Your Stealth skill increases to level 5!
You need to enable at least one skill for training.
You see here a +0 dagger.
An endoplasm comes into view.
The helpless endoplasm fails to defend itself.
You impale the endoplasm!!
You kill the endoplasm!
You now have 40 gold pieces (gained 8).
Found Sohec's Antique Armour Shop.
No target in view!
A quokka comes into view.
The quokka bites you. x2
You are too injured to fight recklessly!
You closely miss the quokka. The quokka closely misses you.
You hit the quokka.
The quokka is heavily wounded.
The quokka bites you.
* * * LOW HITPOINT WARNING * * *
You completely miss the quokka.
The quokka is heavily wounded.
The quokka barely misses you.
You closely miss the quokka.
The quokka is moderately wounded.
The quokka bites you.
* * * LOW HITPOINT WARNING * * *
You hit the quokka but do no damage.
The quokka is moderately wounded.
The quokka bites you.
Ouch! That really hurt!
You die...

#.#.# #.# #...
#.#.# #.# #...
#.#.# #.# ###
###.#.# .# #.....#
#####.###.####..##
..... #.........
##..###.########
#..r@...#
#.PP...## #.P∩...#
#.PP...# #...?..#
####...# #####


You could see a quokka.

Vanquished Creatures
  2 endoplasms (D:1)
  A giant cockroach (D:1)
  A kobold (D:1)
  A ball python (D:1)
  A frilled lizard (D:1)
6 creatures vanquished.

Notes
Turn   | Place    | Note
-------+----------+-------------------------------------------
     0 | D:1      | Murumi the Vampire Enchanter began the quest for the Orb.
     0 | D:1      | Reached XP level 1. HP: 13/13 MP: 3/3
    79 | D:1      | Reached skill level 5 in Stealth
   103 | D:1      | Found Sohec's Antique Armour Shop.
   112 | D:1      | Slain by a quokka

Illustrated notes

Levels and vault maps discovered:
D:1:      wander_arrival_chamber, layout_loops_ring, serial_shops,
          nicolae_shop_overgrown_old_shop, grunt_decor_one_mirror

Skill      XL: |  1 |
---------------+----+-----
Stealth        | 5 |  5.0
Short Blades   | |  1.5
Dodging        | |  2.1
Spellcasting   | |  2.0
Hexes          | |  4.4

Action                   || total
-------------------------++-------
Melee: Dagger            ||    11
 Abil: Exsanguinate      ||     1
 Stab: Sleeping          ||     6
Dodge: Dodged            ||     2

Table legend: (Time is in decaauts)
 A = Elapsed time spent in this place.
 B = Non-inter-level travel time spent in this place.
 C = Inter-level travel time spent in this place.
 D = Time resting spent in this place.
 E = Time spent auto-exploring this place.
 F = Levels seen in this place.
 G = Mean time per level.
                   A        B        C        D        E       F      G
               +--------+--------+--------+--------+--------+-----+--------+
         Total |    111 |    111 |      0 |      0 |     55 |   1 |  111.0 |
       Dungeon |    111 |    111 |      0 |      0 |     55 |   1 |  111.0 |
               +--------+--------+--------+--------+--------+-----+--------+

Top non-repeatable levels by time:
     D:1: 111 daAuts
